Map: Romanticide LE

Players

HeroMarine - Winner!

  • Race: Terran Terran

MarineLorD

  • Race: Terran Terran
  • League: Master

Event: DreamHack SC2 Masters 2021 Fall

VOD

Have the link to the VOD?

Description

Time

  • Played on: Aug. 13, 2021, 2:17 p.m.
  • Length: 7:37

All games in this series

Show
View Real Time Build Order
Export as new Build Order

HeroMarine Terran - Winner!

Build Orders:  

Get SALT Encoding   

  12  0:00  SCV  
  13  0:12  SCV  
  14  0:16  Supply Depot  
  14  0:24  SCV  
  15  0:38  SCV  
  15  0:39  Barracks  
  15  0:42  Refinery  
  16  0:50  SCV  
  16  0:52  Refinery  
  17  1:02  SCV  
  18  1:14  SCV  
  19  1:26  Reaper, Orbital Command  
  19  1:28  Supply Depot  
  20  1:42  Factory  
  20  1:52  SCV  
  21  2:01  Barracks Reactor  
  21  2:04  SCV  
  22  2:16  SCV  
  22  2:22  Command Center  
  23  2:28  Hellion  
  25  2:31  SCV  
  27  2:37  Reaper x2  
  27  2:41  Supply Depot  
  28  2:44  SCV  
  28  2:49  Hellion  
  31  3:02  SCV  
  31  3:03  Starport  
  32  3:09  Marine x2  
  32  3:12  Widow Mine  
  36  3:14  SCV  
  37  3:26  Marine, SCV  
  39  3:27  Refinery  
  39  3:33  Marine, Factory Tech Lab  
  40  3:35  Orbital Command  
  40  3:39  SCV  
  39  3:43  Starport Tech Lab  
  39  3:44  Marine  
  40  3:51  SCV  
  38  3:56  Siege Tank  
  38  3:59  Marine  
  38  4:01  SCV  
  38  4:02  Marine  
  44  4:03  SCV  
  44  4:08  Raven  
  47  4:12  Supply Depot  
  47  4:13  SCV  
  47  4:15  SCV  
  47  4:17  Marine  
  47  4:20  Marine  
  47  4:25  SCV  
  47  4:27  SCV  
  47  4:28  Siege Tank  
  52  4:37  SCV  
  51  4:39  SCV  
  52  4:49  Supply Depot, SCV  
  52  4:51  Raven, SCV  
  55  4:55  Command Center  
  55  5:00  Siege Tank  
  55  5:02  SCV  
  55  5:03  SCV  
  55  5:05  Marine x2  
  62  5:11  Supply Depot  
  62  5:14  SCV  
  63  5:16  SCV  
  63  5:18  Refinery  
  64  5:26  SCV  
  64  5:28  SCV  
  66  5:30  Barracks x2  
  66  5:33  Siege Tank  
  69  5:39  Viking  
  69  5:40  Viking  
  69  5:42  SCV x2  
  75  5:44  Marine  
  75  5:46  Stimpack  
  76  5:53  Engineering Bay  
  76  5:54  SCV  
  76  5:55  Engineering Bay  
  76  5:56  SCV  
  78  6:09  Viking x2, Siege Tank  
  85  6:11  SCV  
  85  6:12  SCV  
  87  6:19  Barracks Reactor x2  
  87  6:23  SCV  
  87  6:24  SCV  
  87  6:25  Supply Depot x2  
  89  6:33  Orbital Command  
  89  6:36  SCV x2  
  89  6:37  Marine  
  92  6:46  Viking  
  94  6:47  Viking  
  94  6:48  SCV x2  
  94  6:50  Supply Depot  
  98  6:58  Barracks  
  98  6:59  SCV, Barracks  
  98  7:00  SCV x2  
  101  7:02  Marine  
  101  7:11  SCV  
  101  7:12  SCV x2  
  77  7:23  SCV  
  77  7:24  SCV  
  77  7:25  SCV  
Show
View Real Time Build Order
Export as new Build Order

MarineLorD Terran 

Build Orders: Cyclone Opening 

Get SALT Encoding   

  12  0:00  SCV  
  13  0:12  SCV  
  14  0:17  Supply Depot  
  14  0:24  SCV  
  15  0:38  SCV  
  15  0:40  Barracks  
  16  0:43  Refinery  
  16  0:50  SCV  
  16  0:53  Refinery  
  17  1:02  SCV  
  18  1:15  SCV  
  19  1:27  Reaper, Orbital Command  
  19  1:28  Supply Depot  
  20  1:41  Factory  
  20  1:53  SCV  
  21  1:59  Reaper  
  22  2:05  SCV  
  23  2:16  Command Center  
  23  2:18  SCV  
  24  2:25  Factory Tech Lab  
  24  2:30  SCV  
  25  2:37  Barracks Reactor, Supply Depot  
  25  2:42  SCV  
  25  2:43  Cyclone  
  29  2:55  SCV  
  29  2:56  Starport  
  30  3:07  SCV  
  31  3:14  Marine x2  
  31  3:16  Refinery  
  31  3:19  SCV  
  37  3:20  Cyclone  
  37  3:28  Orbital Command  
  37  3:31  SCV  
  38  3:34  Starport Tech Lab  
  38  3:36  Marine x2  
  40  3:43  SCV  
  38  3:55  SCV  
  35  3:56  SCV  
  35  4:01  Raven  
  38  4:03  Hellion  
  38  4:07  SCV  
  38  4:08  Marine, SCV  
  43  4:10  Marine  
  43  4:17  Refinery  
  43  4:19  SCV  
  44  4:24  Siege Tank  
  44  4:25  SCV  
  48  4:31  SCV  
  48  4:37  SCV  
  49  4:43  SCV  
  49  4:44  Raven  
  54  4:48  Supply Depot x2  
  54  4:49  SCV  
  53  4:56  SCV, Starport  
  54  5:09  Marine, SCV  
  54  5:10  Marine, SCV, Siege Tank  
  61  5:16  Supply Depot  
  61  5:19  Supply Depot  
  61  5:22  SCV x2  
  63  5:34  Viking  
  67  5:36  Viking  
  67  5:38  Viking  
  69  5:43  Siege Tank  
  69  5:44  SCV  
  69  5:46  SCV  
  74  5:54  Supply Depot  
  74  5:56  SCV  
  75  5:58  SCV  
  76  6:04  Viking  
  76  6:06  Viking  
  76  6:10  Viking, SCV  
  83  6:13  Supply Depot  
  83  6:17  Supply Depot  
  83  6:18  SCV  
  84  6:23  Siege Tank  
  87  6:31  Marine  
  88  6:35  Liberator  
  88  6:36  Viking  
  93  6:40  Viking  
  93  6:41  Supply Depot  
  95  6:49  Marine  
  96  6:54  Supply Depot  
  96  6:55  Siege Tank  
  96  6:58  SCV x2  
  101  7:13  SCV  
  91  7:19  Marine  

Tags
 
Add a new tag
Caveats
  • Supply blocks, unpowered buildings, or Contaminate may cause inaccurate times.
  • Supply counts are checked every 10 seconds.